 Dungeon Crawl Stone Soup version 0.14.1-21-g36cd379 (webtiles) character file.

113 Kae the Chiller (level 3, -3/24 HPs)
             Began as a Demonspawn Ice Elementalist on June 6, 2014.
             Slain by Terence
             ... wielding a +0,+1 flail of draining
              (9 damage)
             ... on Level 2 of the Dungeon.
             The game lasted 00:02:46 (1849 turns).

Kae the Chiller (Demonspawn Ice Elementalist)       Turns: 1849, Time: 00:02:46

HP  -3/24        AC  4     Str  8      XL: 3   Next: 85%
MP   0/6         EV 11     Int 17      God:
Gold 51          SH  0     Dex 13      Spells:  1 memorised,  6 levels left

rFire  . . .     SeeInvis .     d - -3,-2 mace (curse)
rCold  . . .     Clarity  .     a - +0 robe
rNeg   . . .     Conserve .     (no shield)
rPois  .         rCorr    .     (helmet restricted)
rElec  .         rRot     .     e - +1 cloak
SustAb . .       Spirit   .     (no gloves)
rMut   .         Warding  .     (no boots)
Saprov . . .     Stasis   .     (no amulet)
MR     .....                    (no ring)
                                (no ring)

@: very slightly contaminated, drained, not resistant to hostile enchantments,
unstealthy
A: antennae 1
a: no special abilities


You were on level 2 of the Dungeon.
You were near starving.

You visited 1 branch of the dungeon, and saw 2 of its levels.

You collected 51 gold pieces.

Inventory:

Hand weapons
 d - a cursed -3,-2 mace (weapon)
Armour
 a - a +0 robe (worn)
 e - a +1 cloak (worn)
Comestibles
 c - 2 bread rations
 f - a pear
Scrolls
 h - a scroll of teleportation
 j - a scroll of enchant weapon I {unknown}
 k - a scroll of noise {unknown}
 l - a scroll of enchant armour {unknown}
 m - 3 scrolls of amnesia {unknown}
 p - a scroll of immolation {unknown}
 q - a scroll of random uselessness {unknown}
Potions
 g - a potion of haste {unknown}
 i - a potion of might {unknown}
 n - a potion of heal wounds {unknown}
 o - a potion of resistance {unknown}
 r - a potion of mutation {unknown}
Books
 b - a book of Frost

   Spells                             Type                      Level
   *Freeze                            Ice                          1
   Throw Frost                        Conjuration/Ice              2
   Ozocubu's Armour                   Charms/Ice                   3
   Throw Icicle                       Conjuration/Ice              4
   Summon Ice Beast                   Ice/Summoning                4
   Condensation Shield                Ice                          4


   Skills:
 - Level 1.7(0.6) Dodging
 - Level 1.7(0.6) Stealth
 + Level 2.9(1.8) Spellcasting
   Level 1.0(0.0) Conjurations
 * Level 3.8(2.6) Ice Magic


You had 6 spell levels left.
You knew the following spells:

 Your Spells              Type           Power        Failure   Level  Hunger
a - Freeze                Ice            ##..         10%         1    #......


Dungeon Overview and Level Annotations

Branches:
Dungeon (2/15)

Altars:

Annotations:
D:2 Sigmund, Terence


Innate Abilities, Weirdness & Mutations

You have a pair of small antennae on your head.


Message History

You freeze Terence.
Terence is almost dead.
Terence misses you.
You see here an inky potion.
r - an inky potion Terence hits you with a flail of draining.
* * * LOW HITPOINT WARNING * * *
You feel drained.
* * * LOW HITPOINT WARNING * * *
You see here a club.
Casting: Freeze
Confirm with . or Enter, or press ? or * to list all spells.
Aiming: Freeze
Press: ? - help, Shift-Dir - straight line, f/p - Terence
Aim: Terence, wielding a flail of draining and wearing a chain mail (almost dead)
You miscast Freeze.
You are very lightly contaminated with residual magic.
Nothing appears to happen.
Terence hits you with a flail of draining!
You die...

#.#######..##.###########..######
#.# #......##................ #.#
#...........#####.####### #.#
#......##.### #.#
#.#######.###.###.# #.....#
#.........# #.# #)# #####....
########### #.# #.# ## #.###@#
#...@.# #######


You could see Terence.

Vanquished Creatures
  Jessica (D:2)
  An adder (D:2)
  A giant mite (D:1)
  4 bats
  5 goblins
  2 hobgoblins
  2 kobolds (D:2)
  3 giant cockroaches (D:1)
  A giant gecko (D:2)
  2 giant newts (D:1)
  8 rats (D:1)
30 creatures vanquished.

Notes
Turn   | Place    | Note
--------------------------------------------------------------
     0 | D:1      | Kae, the Demonspawn Ice Elementalist, began the quest for the Orb.
     0 | D:1      | Reached XP level 1. HP: 13/13 MP: 3/3
   141 | D:1      | Reached skill level 3 in Ice Magic
   203 | D:1      | Gained mutation: You have a pair of small antennae on your head. [demonic ancestry]
   203 | D:1      | Reached XP level 2. HP: 10/19 MP: 4/4
   804 | D:2      | Noticed Sigmund
   948 | D:2      | Reached XP level 3. HP: 24/24 MP: 6/6
  1022 | D:2      | Noticed Jessica
  1028 | D:2      | Killed Jessica
  1177 | D:2      | Noticed Terence
  1849 | D:2      | Slain by Terence

Action                   || total
-------------------------++-------
Melee: Mace              ||   105
 Cast: Freeze            ||    36
  Use: Scroll            ||     1
 Stab: Sleeping          ||     1
